[Event "ICCopen2017"]
[Site "Internet Chess Club"]
[Date "2017.04.02"]
[Round "6"]
[White "ziggyalbert"]
[Black "ShadowStorm"]
[Result "0-1"]
[ICCResult "White checkmated"]
[WhiteElo "1267"]
[BlackElo "1399"]
[Opening "French: advance, Nimzovich system"]
[ECO "C00"]
[NIC "FR.01"]
[Time "20:07:02"]
[TimeControl "180+0"]

1. e4 e6 2. Nf3 d5 3. e5 c5 4. d4 cxd4 5. Nxd4 Nc6 6. Nxc6 bxc6 7. Bd3 Ne7
8. O-O Ng6 9. Re1 Be7 10. a4 a6 11. b3 O-O 12. Nc3 c5 13. Bd2 Bb7 14. Na2
Qc7 15. Bc3 d4 16. Bd2 Nxe5 17. Bf4 Bd6 18. Bxe5 Bxe5 19. Nc1 Bxh2+ 20. Kf1
Bf4 21. Ne2 Bh6 22. g3 Qc6 23. Ng1 Rae8 24. Be4 Qc7 25. Bxb7 Qxb7 26. Qe2 e5
27. Nf3 e4 28. Nd2 e3 29. Nc4 Qh1# {White checkmated} 0-1

[Event "ICCopen2017"]
[Site "Internet Chess Club"]
[Date "2017.04.02"]
[Round "6"]
[White "nephilimflyer"]
[Black "Peaceful-Death"]
[Result "0-1"]
[ICCResult "White resigns"]
[WhiteElo "1447"]
[BlackElo "1946"]
[Opening "Benko's opening"]
[ECO "A00"]
[NIC "VO.09"]
[Time "20:07:04"]
[TimeControl "180+0"]

1. g3 Nf6 2. Bg2 g6 3. d3 Bg7 4. c3 O-O 5. Nd2 d6 6. Qb3 Nbd7 7. Ngf3 c6 8.
O-O e5 9. e4 d5 10. exd5 cxd5 11. Re1 Nc5 12. Qc2 e4 13. dxe4 dxe4 14. Ng5
Nd3 15. Rf1 Bf5 16. Ndxe4 Nxe4 17. Bxe4 Bxe4 18. Nxe4 Nxc1 19. Raxc1 Re8 20.
Rcd1 Qa5 21. a3 Rac8 22. Nd6 Rcd8 23. Nxe8 Rxe8 24. Rde1 Rf8 25. Qb3 b6 26.
Re7 h5 27. Rd1 h4 28. Rdd7 Qf5 29. Qd5 Qf6 30. Rxa7 h3 31. Reb7 Rd8 32. Rd7
Re8 33. Re7 Rxe7 34. Qd8+ Bf8 35. f4 Re1+ 36. Kf2 Qxd8 {White resigns} 0-1

[Event "ICCopen2017"]
[Site "Internet Chess Club"]
[Date "2017.04.02"]
[Round "6"]
[White "saya"]
[Black "Alright2015"]
[Result "1-0"]
[ICCResult "Black resigns"]
[WhiteElo "2754"]
[BlackElo "2244"]
[Opening "Queen's pawn: London system"]
[ECO "A45"]
[NIC "QP.07"]
[Time "20:06:55"]
[TimeControl "180+0"]

1. d4 Nf6 2. Bf4 c5 3. e3 e6 4. c3 Be7 5. Nf3 b6 6. Bd3 Bb7 7. Nbd2 Nc6 8.
h3 d5 9. O-O h6 10. Re1 Qd7 11. Qe2 O-O-O 12. a4 g5 13. Ne5 Qe8 14. Bh2 Nxe5
15. Bxe5 c4 16. Bc2 Rg8 17. b3 Qc6 18. Bxf6 Bxf6 19. bxc4 dxc4 20. Be4 Qc7
21. Bxb7+ Kxb7 22. Qf3+ Qc6 23. Qxf6 g4 24. h4 g3 25. Qf3 gxf2+ 26. Kxf2 Rd5
27. e4 Rd7 28. a5 f5 29. exf5 Rd5 30. Rxe6 Rxf5 31. a6+ Kb8 32. Rxc6
{Black resigns}
1-0

[Event "ICCopen2017"]
[Site "Internet Chess Club"]
[Date "2017.04.02"]
[Round "6"]
[White "Baltimora"]
[Black "Assured"]
[Result "0-1"]
[ICCResult "White resigns"]
[WhiteElo "2206"]
[BlackElo "2810"]
[Opening "King's Indian: Four pawns attack, dynamic line"]
[ECO "E76"]
[NIC "KI.31"]
[Time "20:07:31"]
[TimeControl "180+0"]

1. d4 Nf6 2. c4 g6 3. Nc3 Bg7 4. e4 d6 5. f4 O-O 6. Nf3 c5 7. d5 a6 8. a4 e6
9. Be2 exd5 10. cxd5 Bg4 11. O-O Nbd7 12. Re1 Re8 13. h3 Bxf3 14. Bxf3 Rc8
15. g4 c4 16. g5 Nh5 17. Bxh5 gxh5 18. Be3 Nc5 19. Bxc5 Rxc5 20. Qxh5 Qb6
21. Kh1 Qxb2 22. e5 Qxc3 23. e6 Rf8 24. exf7+ Kh8 25. Rac1 Qd3 26. Re8 Qxd5+
27. Kh2 Qd2+ 28. Kg3 Qxc1 {White resigns} 0-1

[Event "ICCopen2017"]
[Site "Internet Chess Club"]
[Date "2017.04.02"]
[Round "6"]
[White "BlueGreen"]
[Black "Quinten1994"]
[Result "0-1"]
[ICCResult "White resigns"]
[WhiteElo "2681"]
[BlackElo "2309"]
[Opening "Sicilian: Najdorf, 7...Be7 main line"]
[ECO "B99"]
[NIC "SI.09"]
[Time "20:06:58"]
[TimeControl "180+0"]

1. e4 c5 2. Nf3 d6 3. d4 cxd4 4. Nxd4 Nf6 5. Nc3 a6 6. Bg5 e6 7. f4 Be7 8.
Qf3 Qc7 9. O-O-O Nbd7 10. g4 b5 11. Bxf6 Nxf6 12. g5 Nd7 13. f5 O-O 14. fxe6
fxe6 15. Qh5 Ne5 16. Bh3 g6 17. Qe2 Bxg5+ 18. Kb1 Qe7 19. Qg2 b4 20. Nce2
Bh6 21. Qg3 Bd7 22. Qb3 Rae8 23. Qxb4 Rb8 24. Qc3 Bg7 25. b3 Rfc8 26. Qg3 a5
27. Nf4 Nc4 28. Bxe6+ Bxe6 29. Nfxe6 Na3+ 30. Kb2 Rxc2+ 31. Kxa3 d5+
{White resigns}
0-1

[Event "ICCopen2017"]
[Site "Internet Chess Club"]
[Date "2017.04.02"]
[Round "6"]
[White "Strider25"]
[Black "rotyi59"]
[Result "1-0"]
[ICCResult "Black resigns"]
[WhiteElo "1803"]
[BlackElo "1563"]
[Opening "Bird: From gambit, Lasker variation"]
[ECO "A02"]
[NIC "VO.07"]
[Time "20:07:01"]
[TimeControl "180+0"]

1. f4 e5 2. fxe5 d6 3. exd6 Bxd6 4. Nf3 g5 5. g3 g4 6. Nh4 Be7 7. Ng2 b6 8.
d4 Bb7 9. Bf4 Nf6 10. c3 Nh5 11. e3 Bd6 12. Rg1 O-O 13. Qxg4+ Ng7 14. Bh6
Qf6 15. Bf4 Bc8 16. Qf3 Nc6 17. Qxc6 Bh3 18. Nd2 Rae8 19. O-O-O Bxg2 20.
Bxg2 Nf5 21. Bxd6 Nxe3 22. Bxf8 Qf5 23. Be4 Rxe4 24. Qxe4 {Black resigns}
1-0

[Event "ICCopen2017"]
[Site "Internet Chess Club"]
[Date "2017.04.02"]
[Round "6"]
[White "tigerr"]
[Black "supermouse"]
[Result "0-1"]
[ICCResult "White resigns"]
[WhiteElo "2294"]
[BlackElo "2617"]
[Opening "Caro-Kann defense"]
[ECO "B15"]
[NIC "CK.05"]
[Time "20:06:29"]
[TimeControl "180+0"]

1. e4 c6 2. d4 d5 3. Nc3 h6 4. Nf3 Bg4 5. e5 e6 6. h3 Bf5 7. Be2 Nd7 8. O-O
Ne7 9. Be3 Qc7 10. a4 g5 11. Nh2 Bg7 12. f4 gxf4 13. Bxf4 a6 14. a5 c5 15.
Nxd5 Nxd5 16. c3 cxd4 17. cxd4 Qc2 18. Qxc2 Bxc2 19. Rac1 Be4 20. Bd2 Ke7
21. Ng4 Rac8 22. Rc4 Rxc4 23. Bxc4 Rc8 24. b3 b5 25. axb6 N7xb6 26. Bxa6 Rc2
27. Rf2 h5 28. Ne3 Nxe3 29. Bxe3 Nd5 30. Bg5+ f6 31. exf6+ Bxf6 32. Bxf6+
Nxf6 33. b4 Nd5 34. Rd2 Rxd2 {White resigns} 0-1

[Event "ICCopen2017"]
[Site "Internet Chess Club"]
[Date "2017.04.02"]
[Round "6"]
[White "Salvatore"]
[Black "volver"]
[Result "1-0"]
[ICCResult "Black resigns"]
[WhiteElo "1454"]
[BlackElo "1300"]
[Opening "Two knights defense (Modern bishop's opening)"]
[ECO "C55"]
[NIC "IG.01"]
[Time "20:06:10"]
[TimeControl "180+0"]

1. e4 e5 2. Nf3 Nc6 3. Bc4 Nf6 4. d3 Be7 5. O-O O-O 6. a3 d5 7. exd5 Nxd5 8.
c3 Be6 9. Re1 f6 10. Nbd2 Qd7 11. Ne4 Kh8 12. h3 Bf7 13. Ng3 Rad8 14. b4 a6
15. Bb2 Nf4 16. Bxf7 Rxf7 17. d4 exd4 18. cxd4 Bd6 19. d5 Ne7 20. Ne4 Nfxd5
21. Nxd6 Qxd6 22. Nh4 c6 23. Qh5 g6 24. Qh6 Rg7 25. Rad1 Ng8 26. Qc1 Qc7 27.
Re6 Re7 28. Rde1 Rxe6 29. Rxe6 Qd7 30. Re1 g5 31. Nf3 Nf4 32. Nxg5 Qd5 33.
Qxf4 Qxg5 34. Qxg5 {Black resigns} 1-0

[Event "ICCopen2017"]
[Site "Internet Chess Club"]
[Date "2017.04.02"]
[Round "6"]
[White "mvillalba"]
[Black "fernandomata"]
[Result "0-1"]
[ICCResult "White resigns"]
[WhiteElo "2130"]
[BlackElo "1857"]
[Opening "QGD: Lasker defense"]
[ECO "D56"]
[NIC "QP.08"]
[Time "20:07:31"]
[TimeControl "180+0"]

1. d4 d5 2. Nf3 e6 3. c4 Nf6 4. Bg5 Be7 5. Nc3 O-O 6. e3 h6 7. Bh4 Ne4 8.
Bxe7 Qxe7 9. Bd3 Nxc3 10. bxc3 dxc4 11. Bxc4 b6 12. O-O Bb7 13. Re1 c5 14.
Qe2 Nd7 15. Rad1 cxd4 16. cxd4 Rac8 17. Ba6 Nf6 18. Ne5 Bxa6 19. Qxa6 Rc2
20. Re2 Rfc8 21. Rxc2 Rxc2 22. h3 Qc7 23. Qa3 Ne4 24. f3 Nc3 25. Rd3 f6 26.
Ng6 Qg3 27. Qf8+ Kh7 28. Nf4 Rc1+ {White resigns} 0-1

[Event "ICCopen2017"]
[Site "Internet Chess Club"]
[Date "2017.04.02"]
[Round "6"]
[White "F83"]
[Black "Ricardov"]
[Result "0-1"]
[ICCResult "White resigns"]
[WhiteElo "1922"]
[BlackElo "2277"]
[Opening "Four knights: Scotch, 4...exd4"]
[ECO "C47"]
[NIC "KP.06"]
[Time "20:06:19"]
[TimeControl "180+0"]

1. e4 e5 2. Nf3 Nc6 3. Nc3 Nf6 4. d4 exd4 5. Nxd4 Bb4 6. Nxc6 dxc6 7. Bd3
O-O 8. O-O Ng4 9. Bf4 Bd6 10. Qf3 Ne5 11. Bxe5 Bxe5 12. Rad1 Qf6 13. Qxf6
Bxf6 14. h3 Bxc3 15. bxc3 Be6 16. a3 c5 17. c4 Rfd8 18. f4 f6 19. f5 Bf7 20.
Rfe1 Re8 21. Rb1 b6 22. Kf2 Rad8 23. Kf3 Rd4 24. Rbd1 Kf8 25. Re3 Bxc4 26.
Rde1 Bxd3 27. Rxd3 Rxd3+ 28. cxd3 Rd8 29. Ke3 Rd4 30. Rb1 Ke7 31. g4 Kd6 32.
h4 Ke5 33. g5 c4 34. Rb5+ c5 35. dxc4 Rxc4 36. gxf6 gxf6 37. Rb2 Rxe4+ 38.
Kf3 Rxh4 39. Rd2 Rh3+ 40. Kg4 Rxa3 41. Rd7 Ra4+ 42. Kh5 Kxf5 43. Rxh7 Ra1
44. Kh6 Rh1+ 45. Kg7 Rxh7+ 46. Kxh7 c4 47. Kh8 c3 48. Kh7 c2 49. Kg7 c1=Q
50. Kf7 Qc7+ 51. Kg8 Kg6 {White resigns} 0-1

[Event "ICCopen2017"]
[Site "Internet Chess Club"]
[Date "2017.04.02"]
[Round "6"]
[White "ComplexZeta"]
[Black "Cu-Chulainn"]
[Result "1-0"]
[ICCResult "Black resigns"]
[WhiteElo "1848"]
[BlackElo "1632"]
[Opening "Sicilian: Prins (Moscow) variation"]
[ECO "B55"]
[NIC "SI.01"]
[Time "20:07:43"]
[TimeControl "180+0"]

1. e4 c5 2. Nf3 d6 3. d4 cxd4 4. Nxd4 Nf6 5. f3 g6 6. c4 Bg7 7. Nc3 O-O 8.
Be3 Nc6 9. Qd2 Nxd4 10. Bxd4 Be6 11. Be2 a6 12. O-O Rc8 13. b3 Qa5 14. Rac1
Kh8 15. Rfd1 h5 16. Be3 Rc6 17. Bh6 Rfc8 18. Bxg7+ Kxg7 19. Kf1 b5 20. Nd5
Bxd5 21. Qxa5 {Black resigns} 1-0

[Event "ICCopen2017"]
[Site "Internet Chess Club"]
[Date "2017.04.02"]
[Round "6"]
[White "TaijiChess22"]
[Black "DavidXanatoss"]
[Result "1-0"]
[ICCResult "Black checkmated"]
[WhiteElo "1785"]
[BlackElo "1546"]
[Opening "Robatsch defense"]
[ECO "B06"]
[NIC "KF.05"]
[Time "20:06:19"]
[TimeControl "180+0"]

1. e4 g6 2. d4 Bg7 3. Nc3 Nc6 4. Nf3 d6 5. h3 Nh6 6. Bc4 O-O 7. O-O e5 8.
Be3 Na5 9. Bb3 Nxb3 10. axb3 f5 11. dxe5 dxe5 12. Rxa7 Rxa7 13. Bxa7 b6 14.
Nb5 Bd7 15. c4 Bxb5 16. cxb5 Qa8 17. exf5 Nxf5 18. Qd7 Qxa7 19. Ng5 Qa8 20.
Qe6+ Kh8 21. Nf7+ Rxf7 22. Qxf7 Nh4 23. f3 Qd8 24. Rc1 Qd4+ 25. Kh1 Qd6 26.
Rxc7 Nf5 27. Rc8+ Bf8 28. Rxf8+ Qxf8 29. Qxf8# {Black checkmated} 1-0

[Event "ICCopen2017"]
[Site "Internet Chess Club"]
[Date "2017.04.02"]
[Round "6"]
[White "dashingfox"]
[Black "Eloist"]
[Result "0-1"]
[ICCResult "White resigns"]
[WhiteElo "1879"]
[BlackElo "2138"]
[Opening "French: King's Indian attack"]
[ECO "C00"]
[NIC "FR.02"]
[Time "20:06:12"]
[TimeControl "180+0"]

1. e4 e6 2. d3 d5 3. Nd2 Nf6 4. g3 b6 5. Bg2 Bb7 6. e5 Ng8 7. f4 Ne7 8. Ngf3
c5 9. O-O Nbc6 10. c3 Nf5 11. Nb3 h5 12. a4 Be7 13. d4 Ba6 14. Re1 Qd7 15.
Bh3 g6 16. Bxf5 gxf5 17. Kh1 Bc4 18. Nbd2 Bd3 19. Nf1 c4 20. Ne3 O-O-O 21.
b4 h4 22. Kg2 Rdg8 23. Rh1 Be4 24. Ba3 Qe8 25. a5 b5 26. Nf1 Qf8 27. Nd2 Qg7
28. Nxe4 fxe4 29. Nd2 hxg3 30. h3 Rh4 31. Qf1 Qh6 32. Bc1 Qxf4 33. Qxf4 Rxf4
34. Nf1 Rf2+ 35. Kg1 g2 36. Kxf2 gxh1=Q {White resigns} 0-1

[Event "ICCopen2017"]
[Site "Internet Chess Club"]
[Date "2017.04.02"]
[Round "6"]
[White "Sam08"]
[Black "jefferyx"]
[Result "1-0"]
[ICCResult "Black resigns"]
[WhiteElo "2490"]
[BlackElo "2749"]
[Opening "Sicilian: Najdorf, Polugayevsky variation"]
[ECO "B96"]
[NIC "SI.07"]
[Time "20:06:24"]
[TimeControl "180+0"]

1. e4 c5 2. Nf3 d6 3. d4 Nf6 4. Nc3 cxd4 5. Nxd4 a6 6. Bg5 e6 7. f4 b5 8. e5
dxe5 9. fxe5 Qc7 10. exf6 Qe5+ 11. Be2 Qxg5 12. O-O Ra7 13. Ne4 Qe3+ 14. Nf2
Rd7 15. c3 gxf6 16. Qc2 f5 17. Rae1 Qg5 18. Bf3 Be7 19. a4 bxa4 20. Qxa4 O-O
21. Qb3 Bd6 22. Nd3 Kh8 23. Ne5 Re7 24. Kh1 Qg7 25. Nc4 Bc7 26. Nxf5 Qg5 27.
Nxe7 Qxe7 28. Nb6 Qh4 29. g3 Bxg3 30. Re2 Qh3 31. Qd1 Bc7 32. Nxc8 Rxc8 33.
Rg2 Be5 34. Qe2 Nd7 35. Bg4 Qh6 36. Rxf7 Qc1+ 37. Rg1 Qg5 38. Rxd7 Rg8 39.
Re7 Qxe7 40. Qxe5+ Qg7 41. Qxg7+ Rxg7 42. Bxe6 {Black resigns} 1-0

[Event "ICCopen2017"]
[Site "Internet Chess Club"]
[Date "2017.04.02"]
[Round "6"]
[White "TerryR"]
[Black "Federicov"]
[Result "1/2-1/2"]
[ICCResult "Game drawn by repetition"]
[WhiteElo "2644"]
[BlackElo "3067"]
[Opening "Old Benoni defense"]
[ECO "A46"]
[NIC "QP.06"]
[Time "20:06:50"]
[TimeControl "180+0"]

1. d4 Nf6 2. Nf3 c5 3. d5 e6 4. Nc3 d6 5. e4 exd5 6. Nxd5 Nxd5 7. Qxd5 Nc6
8. Bc4 Be6 9. Qd3 Be7 10. O-O O-O 11. c3 Qd7 12. Bf4 Bxc4 13. Qxc4 Qe6 14.
Qd5 Rad8 15. Rad1 Rfe8 16. Rfe1 h6 17. Nd2 Na5 18. Qxe6 fxe6 19. b3 Kf7 20.
Nc4 Nxc4 21. bxc4 g5 22. Bg3 h5 23. h3 h4 24. Bh2 e5 25. Rb1 b6 26. a4 Ke6
27. Kf1 Kd7 28. Ke2 Kc6 29. Red1 Rf8 30. f3 Rb8 31. Bg1 Rb7 32. Rd2 Rfb8 33.
Rdb2 a6 34. Be3 b5 35. cxb5+ axb5 36. axb5+ Rxb5 37. Rxb5 Rxb5 38. Rxb5 Kxb5
39. Kd3 Bd8 40. Bd2 Be7 41. c4+ Ka4 42. Kc2 Bd8 43. Kb2 Be7 44. Ka2 Bf6 45.
Kb2 Be7 46. Ka2 Bd8 47. Kb2 Be7 48. Ka2 Bf6 49. Kb2 Bd8 50. Ka2 Be7 51. Kb2
Bf6 52. Ka2 Bd8 53. Kb2 Bf6 54. Ka2 Be7 55. Kb2 Bd8 56. Ka2 Bf6 57. Kb2 Be7
58. Ka2 Bd8 59. Kb2 Be7 {Game drawn by repetition} 1/2-1/2

[Event "ICCopen2017"]
[Site "Internet Chess Club"]
[Date "2017.04.02"]
[Round "6"]
[White "MoonlightWizard"]
[Black "Machinegun"]
[Result "0-1"]
[ICCResult "White resigns"]
[WhiteElo "2686"]
[BlackElo "2428"]
[Opening "Sicilian: Richter-Rauzer, Larsen variation, 7.Qd2"]
[ECO "B61"]
[NIC "SI.27"]
[Time "20:06:13"]
[TimeControl "180+0"]

1. e4 c5 2. Nf3 Nc6 3. d4 cxd4 4. Nxd4 Nf6 5. Nc3 d6 6. Bg5 Bd7 7. Qd2 Nxd4
8. Qxd4 Qa5 9. Be3 a6 10. f3 Rc8 11. O-O-O e6 12. Kb1 Be7 13. g4 h6 14. h4
Bc6 15. Rg1 b5 16. g5 b4 17. Ne2 e5 18. Qd2 hxg5 19. hxg5 Nxe4 20. fxe4 Bxe4
21. Rc1 Rh2 22. Qe1 Qa4 23. Rg4 Bxc2+ 24. Ka1 a5 25. Bg1 Rh1 26. Nc3 Rxc3
27. Qxc3 bxc3 28. Rxa4 Bxa4 29. Bg2 Bxg5 30. Bxh1 Bxc1 31. bxc3 Bc2 32. Bc6+
Ke7 33. Bb6 a4 34. c4 a3 {White resigns} 0-1

[Event "ICCopen2017"]
[Site "Internet Chess Club"]
[Date "2017.04.02"]
[Round "6"]
[White "HouseMorgan"]
[Black "andrus"]
[Result "1-0"]
[ICCResult "Black resigns"]
[WhiteElo "2167"]
[BlackElo "1601"]
[Opening "King's Indian: Sämisch, orthodox variation"]
[ECO "E85"]
[NIC "KI.43"]
[Time "20:07:30"]
[TimeControl "180+0"]

1. d4 Nf6 2. c4 g6 3. Nc3 Bg7 4. e4 d6 5. f3 O-O 6. Be3 e5 7. Nge2 exd4 8.
Nxd4 Nc6 9. Qd2 a6 10. Be2 Rb8 11. O-O Nxd4 12. Bxd4 Be6 13. Rad1 Qe7 14.
Rfe1 Rbd8 15. Bf1 Nd7 16. Nd5 Bxd5 17. exd5 Qh4 18. Re4 Qh6 19. Bxg7 Qxg7
20. Re7 Rfe8 21. Rde1 Rxe7 22. Rxe7 Qf8 23. Qe3 Qg7 24. Rxd7 Rxd7 25. Qe8+
Qf8 26. Qxd7 {Black resigns} 1-0

[Event "ICCopen2017"]
[Site "Internet Chess Club"]
[Date "2017.04.02"]
[Round "6"]
[White "atoz"]
[Black "JimboPi"]
[Result "0-1"]
[ICCResult "White checkmated"]
[WhiteElo "1362"]
[BlackElo "1553"]
[Opening "English: symmetrical variation"]
[ECO "A30"]
[NIC "EO.64"]
[Time "20:06:26"]
[TimeControl "180+0"]

1. c4 c5 2. g3 Nf6 3. Bg2 Nc6 4. Nc3 g6 5. d3 Bg7 6. e4 O-O 7. Nge2 d6 8.
O-O e6 9. f4 Bd7 10. h3 a6 11. g4 Rb8 12. f5 exf5 13. gxf5 Nh5 14. Kh2 Nd4
15. Be3 Nxe2 16. Nxe2 Qe7 17. Qd2 b5 18. Bg5 Qe5+ 19. Bf4 Nxf4 20. Qxf4 bxc4
21. Qxe5 Bxe5+ 22. Kh1 Rxb2 23. Ng1 cxd3 24. Nf3 Bc6 25. fxg6 fxg6 26. Ng5
Rff2 27. Rxf2 Rxf2 28. Ne6 c4 29. Kg1 Rb2 30. a3 c3 31. Ng5 c2 32. Nf3 Rb1+
33. Rxb1 cxb1=Q+ 34. Kf2 Bxe4 35. Nd2 Qc2 36. Ke3 Bxg2 37. h4 Bc6 38. a4
Qxa4 39. h5 Bf4+ 40. Kf2 Bxd2 41. hxg6 hxg6 42. Kg3 Qf4+ 43. Kh3 Bd7+ 44.
Kg2 Qg4+ 45. Kf2 Be1+ 46. Kf1 Qe2+ 47. Kg1 d2 48. Kh1 d1=Q 49. Kg1 Bb4#
{White checkmated}
0-1

[Event "ICCopen2017"]
[Site "Internet Chess Club"]
[Date "2017.04.02"]
[Round "6"]
[White "YHWH"]
[Black "Nightlife"]
[Result "0-1"]
[ICCResult "White resigns"]
[WhiteElo "1531"]
[BlackElo "1782"]
[Opening "QGD: 4.Bg5 Be7"]
[ECO "D53"]
[NIC "QO.13"]
[Time "20:07:37"]
[TimeControl "180+0"]

1. d4 Nf6 2. c4 e6 3. Nc3 d5 4. Bg5 Be7 5. Nf3 Nbd7 6. e3 h6 7. Bh4 Ne4 8.
Bxe7 Qxe7 9. Nxd5 exd5 10. cxd5 Qb4+ 11. Nd2 Nxd2 12. Qxd2 Qxd2+ 13. Kxd2
O-O 14. e4 Nf6 15. Bd3 Rd8 16. Rac1 c6 17. dxc6 bxc6 18. Rxc6 Bb7 19. Rc7
Bxe4 20. Bxe4 Nxe4+ 21. Ke3 Nf6 22. Rd1 Nd5+ 23. Ke2 Nxc7 {White resigns}
0-1

[Event "ICCopen2017"]
[Site "Internet Chess Club"]
[Date "2017.04.02"]
[Round "6"]
[White "DreadHead"]
[Black "SPARNALIQ"]
[Result "0-1"]
[ICCResult "White resigns"]
[WhiteElo "2467"]
[BlackElo "3001"]
[Opening "Nimzovich-Larsen attack"]
[ECO "A01"]
[NIC "VO.08"]
[Time "20:07:19"]
[TimeControl "180+0"]

1. b3 a5 2. Bb2 a4 3. b4 e6 4. a3 Nf6 5. e3 d5 6. d4 b6 7. c4 c5 8. dxc5
bxc5 9. b5 Nbd7 10. Nf3 Nb6 11. Nbd2 Bd6 12. Be2 O-O 13. O-O Bb7 14. Qc2 Re8
15. Ne5 Qc7 16. f4 Rad8 17. Rac1 d4 18. exd4 Bf8 19. Ndf3 cxd4 20. c5 Nbd5
21. c6 Ne3 22. Qd3 Nxf1 23. cxb7 Qxb7 24. Rxf1 Nd5 25. g3 Ne3 26. Rc1 Rc8
27. Rxc8 Rxc8 28. Bxd4 Nc2 29. Bb2 Qb6+ 30. Kg2 Ne3+ 31. Kh3 Nf5 32. g4 Ne7
33. Ng5 Ng6 34. Kg3 Qg1+ 35. Kf3 Nh4+ 36. Ke4 f5+ 37. gxf5 exf5+ 38. Kd5
Qc5+ 39. Ke6 Re8+ 40. Kd7 Re7+ {White resigns} 0-1

[Event "ICCopen2017"]
[Site "Internet Chess Club"]
[Date "2017.04.02"]
[Round "6"]
[White "nekochabo"]
[Black "aplusk"]
[Result "0-1"]
[ICCResult "White resigns"]
[WhiteElo "2681"]
[BlackElo "2714"]
[Opening "English: Neo-Catalan declined"]
[ECO "A14"]
[NIC "RE.08"]
[Time "20:06:48"]
[TimeControl "180+0"]

1. Nf3 d5 2. c4 e6 3. g3 Nf6 4. Bg2 Be7 5. O-O O-O 6. b3 b6 7. Bb2 Bb7 8. e3
c5 9. Nc3 dxc4 10. bxc4 Nc6 11. Qe2 a6 12. Rfd1 Qc7 13. Ne1 Rab8 14. f4 Rfd8
15. g4 Na7 16. g5 Ne8 17. Ne4 b5 18. Be5 Nd6 19. cxb5 Bxe4 20. Bxe4 axb5 21.
Bc2 Nc6 22. Nf3 Nxe5 23. Nxe5 g6 24. a4 c4 25. axb5 Rxb5 26. Qf3 Rd5 27. Ng4
Nf5 28. Bxf5 exf5 29. Nh6+ Kg7 30. Qe2 f6 31. h4 Bc5 32. Rac1 Qxf4 33. Rxc4
Bxe3+ 34. Kh1 Rd4 35. Rc7+ Qxc7 36. Qxe3 Rxh4+ 37. Kg1 Qh2+ 38. Kf1 Rf4+ 39.
Ke1 Re4 {White resigns} 0-1

[Event "ICCopen2017"]
[Site "Internet Chess Club"]
[Date "2017.04.02"]
[Round "6"]
[White "BillietheKid"]
[Black "frentz"]
[Result "0-1"]
[ICCResult "White forfeits on time"]
[WhiteElo "1426"]
[BlackElo "1912"]
[Opening "Ruy Lopez: Anderssen variation"]
[ECO "C77"]
[NIC "RL.12"]
[Time "20:07:06"]
[TimeControl "180+0"]

1. e4 e5 2. Nf3 Nc6 3. Bb5 a6 4. Ba4 Nf6 5. d3 b5 6. Bb3 Bc5 7. c3 d6 8. O-O
h6 9. d4 Bb6 10. d5 Ne7 11. Bc2 g5 12. Be3 Ng6 13. Nbd2 g4 14. Ne1 Nf4 15.
Bxf4 exf4 16. Nd3 Nh5 17. g3 fxg3 18. Nb3 Qh4 19. hxg3 Nxg3
{White forfeits on time}
0-1

[Event "ICCopen2017"]
[Site "Internet Chess Club"]
[Date "2017.04.02"]
[Round "6"]
[White "arsam"]
[Black "TheDonald"]
[Result "1-0"]
[ICCResult "Black resigns"]
[WhiteElo "2635"]
[BlackElo "2184"]
[Opening "Old Benoni defense"]
[ECO "A43"]
[NIC "OI.09"]
[Time "20:07:29"]
[TimeControl "180+0"]

1. d4 c5 2. dxc5 e6 3. Nf3 Bxc5 4. e4 Nf6 5. e5 Nd5 6. Bd3 Nc6 7. O-O d6 8.
exd6 Qxd6 9. Nbd2 Qe7 10. Ne4 Bb6 11. c4 Nf6 12. Bg5 h6 13. Nxf6+ gxf6 14.
Bh4 Bd7 15. a3 O-O-O 16. b4 Nd4 17. c5 Nxf3+ 18. Qxf3 Bc6 19. Be4 Bxe4 20.
Qxe4 Bc7 21. c6 Be5 22. Rac1 Kb8 23. Qxe5+ fxe5 24. Bxe7 Rd3 25. c7+ Kc8 26.
Rfd1 {Black resigns} 1-0

[Event "ICCopen2017"]
[Site "Internet Chess Club"]
[Date "2017.04.02"]
[Round "6"]
[White "samank"]
[Black "Kruger"]
[Result "0-1"]
[ICCResult "White checkmated"]
[WhiteElo "1408"]
[BlackElo "1705"]
[Opening "Sicilian: Smith-Morra gambit"]
[ECO "B21"]
[NIC "SI.48"]
[Time "20:06:37"]
[TimeControl "180+0"]

1. e4 c5 2. d4 g6 3. c3 cxd4 4. cxd4 d5 5. e5 Bg7 6. Nc3 Nc6 7. Nf3 Bg4 8.
Be3 Bxf3 9. Qxf3 e6 10. Bb5 Ne7 11. O-O O-O 12. Qh3 Rc8 13. Bh6 Nxd4 14.
Bxg7 Kxg7 15. Rad1 Nef5 16. g4 Rxc3 17. bxc3 Nxb5 18. gxf5 exf5 19. Rfe1 Re8
20. Qd3 Nc7 21. Qd4 Re6 22. c4 a6 23. cxd5 Nb5 24. Qb2 Re7 25. e6+ f6 26. a4
Nd6 27. f4 b5 28. axb5 axb5 29. Rc1 Qb6+ 30. Kh1 Ne4 31. Rc6 Qf2 32. Qxf2
Nxf2+ 33. Kg2 Nd3 34. Re3 Nxf4+ 35. Kf3 Nxd5 36. Rd6 Nxe3 37. Kxe3 g5 38. h3
h5 39. Kf3 g4+ 40. hxg4 fxg4+ 41. Kg3 Kg6 42. Rb6 f5 43. Rxb5 Rxe6 44. Kf4
Re4+ 45. Kg3 Kg5 46. Rb3 h4+ 47. Kg2 h3+ 48. Kh2 Re2+ 49. Kg3 Rg2#
{White checkmated}
0-1

[Event "ICCopen2017"]
[Site "Internet Chess Club"]
[Date "2017.04.02"]
[Round "6"]
[White "mika53"]
[Black "Neurisdr"]
[Result "0-1"]
[ICCResult "White resigns"]
[WhiteElo "1954"]
[BlackElo "2889"]
[Opening "Sicilian"]
[ECO "B50"]
[NIC "SI.01"]
[Time "20:07:28"]
[TimeControl "180+0"]

1. e4 c5 2. Nf3 d6 3. c3 Nf6 4. e5 dxe5 5. Nxe5 Nbd7 6. Nf3 e6 7. d4 Qc7 8.
Be3 a6 9. Nbd2 b6 10. Be2 Bb7 11. O-O Be7 12. Rc1 O-O 13. Re1 Ng4 14. Nf1
Nxe3 15. fxe3 Nf6 16. Ne5 Bd6 17. Bf3 Bxe5 18. Bxb7 Bxh2+ 19. Nxh2 Qxb7 20.
Qf3 Qc7 21. e4 Rad8 22. e5 Nd5 23. Ng4 Ne7 24. Ne3 cxd4 25. cxd4 Qd7 26.
Rcd1 Nc6 27. Nc2 Ne7 28. Qe4 Qc6 29. Qxc6 Nxc6 30. Kf2 Rd7 31. Ke3 Rfd8 32.
a3 Nxe5 33. b3 Nc6 34. Ke4 f5+ 35. Kf4 Nxd4 36. Nxd4 Rxd4+ 37. Rxd4 Rxd4+
38. Ke5 Re4+ 39. Rxe4 fxe4 {White resigns} 0-1

[Event "ICCopen2017"]
[Site "Internet Chess Club"]
[Date "2017.04.02"]
[Round "6"]
[White "A4-H5"]
[Black "Alinochka199217"]
[Result "0-1"]
[ICCResult "White checkmated"]
[WhiteElo "1843"]
[BlackElo "2532"]
[Opening "English, Nimzovich variation"]
[ECO "A20"]
[NIC "EO.25"]
[Time "20:06:30"]
[TimeControl "180+0"]

1. c4 e5 2. Nf3 Nc6 3. d4 exd4 4. Nxd4 Nf6 5. g3 Bb4+ 6. Bd2 Bxd2+ 7. Qxd2
O-O 8. Nxc6 bxc6 9. Bg2 Rb8 10. O-O Re8 11. e3 Ne4 12. Qc2 Qe7 13. Nc3 Nxc3
14. Qxc3 c5 15. b3 d6 16. Rad1 Bb7 17. Bxb7 Rxb7 18. Qd3 a5 19. Rd2 Qd7 20.
Qd5 Qc8 21. Rfd1 Rb6 22. Kg2 Qa8 23. Qxa8 Rxa8 24. e4 f6 25. f4 a4 26. bxa4
Rxa4 27. e5 fxe5 28. fxe5 Rxc4 29. exd6 cxd6 30. Rxd6 Rxd6 31. Rxd6 Rc2+ 32.
Kf3 Rxa2 33. Rc6 Rc2 34. Rc7 h6 35. h4 h5 36. g4 Rc3+ 37. Kg2 hxg4 38. h5
Kh7 39. Rc6 Kg8 40. Rg6 Rc4 41. h6 Rd4 42. Rxg7+ Kh8 43. Kg3 c4 44. Rxg4
Rxg4+ 45. Kxg4 c3 46. Kg5 c2 47. Kg6 c1=Q 48. Kh5 Kh7 49. Kg4 Kxh6 50. Kf5
Qe3 51. Kf6 Qe4 52. Kf7 Qe5 53. Kg8 Qe8# {White checkmated} 0-1